 Dungeon Crawl Stone Soup version 0.23.2-33-g5129a83184 (webtiles) character file.

Game seed: 3865974088818050383

480 Derp the Magician (level 6, -5/28 HPs)
             Began as a Deep Elf Summoner on July 17, 2019.
             Was a Follower of Hepliaklqana.
             Slain by a centaur (6 damage)
             ... on level 5 of the Dungeon.
             The game lasted 00:23:36 (4395 turns).

Derp the Magician (Deep Elf Summoner)               Turns: 4395, Time: 00:23:37

Health: -5/28      AC:  3    Str:  5    XL:     6   Next: 86%
Magic:  16/18      EV: 13    Int: 22    God:    Hepliaklqana [*.....]
Gold:   220        SH:  0    Dex: 15    Spells: 16/20 levels left

rFire    . . .     SeeInvis .   t - +0 short sword (protect)
rCold    . . .     Gourm    .   (no shield)
rNeg     . . .     Faith    .   a - +0 robe
rPois    .         Spirit   .   (no helmet)
rElec    .         Reflect  .   (no cloak)
rCorr    .         Harm     .   j - +0 pair of gloves
MR       .....                  (no boots)
Stlth    ++........             (no amulet)
HPRegen  0.09/turn              (no ring)
MPRegen  0.16/turn              (no ring)

@: no status effects
A: reduced essence
a: Recall Ancestor, Ancestor Identity, Renounce Religion


You were on level 5 of the Dungeon.
You worshipped Hepliaklqana.
Hepliaklqana was aware of your devotion.
You were not hungry.

You visited 1 branch of the dungeon, and saw 5 of its levels.

You collected 220 gold pieces.

Inventory:

Hand Weapons
 t - a +0 short sword of protection (weapon)
Missiles
 l - 10 poisoned needles
Armour
 a - a +0 robe (worn)
 j - a +0 pair of gloves (worn)
Scrolls
 d - 9 scrolls of identify {unknown}
 e - 5 scrolls of remove curse {unknown}
 g - 2 scrolls of teleportation {unknown}
 h - a scroll of fear {unknown}
 i - 3 scrolls of enchant armour {unknown}
 n - 2 scrolls of enchant weapon {unknown}
 o - a scroll of immolation {unknown}
 s - a scroll of amnesia {unknown}
Potions
 b - a potion of heal wounds {unknown}
 f - a potion of invisibility {unknown}
 k - a potion of brilliance {unknown}
 m - 3 potions of lignification {unknown}
 p - a potion of mutation {unknown}
 q - a potion of haste {unknown}
 r - 2 potions of agility {unknown}
Comestibles
 c - 9 rations


   Skills:
 + Level 2.7 Dodging
 + Level 2.4 Stealth
 + Level 7.5 Spellcasting
 + Level 0.1 Hexes
 + Level 6.9 Summonings


You had 16 spell levels left.
You knew the following spells:

 Your Spells              Type           Power        Failure   Level  Hunger
a - Summon Small Mammal   Summ           ####         1%          1    None
b - Summon Guardian Gole  Hex/Summ       ###.....     5%          3    None

Your spell library contained the following spells:

 Spells                   Type           Power        Failure   Level  Hunger
 Call Imp                 Summ           #####...     1%          2    None
 Call Canine Familiar     Summ           #####...     1%          3    None
 Confusing Touch          Hex            #.....       8%          1    None
 Summon Ice Beast         Ice/Summ       ###.....     19%         4    ###....
 Summon Lightning Spire   Summ/Air       ###.....     19%         4    ###....
 Confuse                  Hex            #.......     22%         3    None
 Gell's Gravitas          Tloc           #.........   24%         3    None
 Petrify                  Tmut/Erth      #.......     61%         4    ###....
 Metabolic Englaciation   Hex/Ice        #.........   91%         5    #####..
 Yara's Violent Unravell  Hex/Tmut       #.........   91%         5    #####..


Dungeon Overview and Level Annotations

Branches:
Dungeon (5/15)             Temple (0/1) D:4

Altars:
Dithmenos
Gozag
Hepliaklqana
Okawaru
Uskayaw
Wu Jian
Xom


Message History

The arrow hits you!
* * * LOW HITPOINT WARNING * * *
You see here an arrow.
The centaur shoots an arrow.
The arrow barely misses your quokka. The arrow hits you.
* * * LOW HITPOINT WARNING * * *
You see here an arrow.
You eat one of the 10 rations.
That ration really hit the spot!
The centaur shoots an arrow.
The arrow barely misses your quokka. The arrow closely misses you.
You swap places.
The centaur shoots an arrow.
The arrow hits Esmond!
The centaur shoots an arrow.
The arrow hits Esmond but does no damage.
You see here an arrow.
You swap places.
You see here an arrow.
The centaur unwields a +0 shortbow.
The centaur barely misses you. The centaur closely misses you.
The centaur barely misses you. The centaur hits you.
You die...

###################
#...#.............#
#.rrc........##.###
#rR@#........##.#
#####(.......#..#
#(.......#.##
#........#.##
###c..........####
#.(.........#.....
#..(##............
....(c.................
....######..........(..


You could see the friendly Esmond the ancestor, a centaur and 3 friendly
quokkas.

Vanquished Creatures
  A rat (D:2)
1 creature vanquished.

Vanquished Creatures (collateral kills)
  A phantom (D:4)
  A big kobold (D:5)
  2 scorpions
  A bullfrog skeleton (D:4)
  2 hounds (D:5)
  3 orc priests (D:3)
  Natasha (thrice) (D:2)
  A hound skeleton (D:5)
  4 adders
  A howler monkey skeleton (D:5)
  An adder zombie (D:5)
  A dart slug (D:2)
  4 leopard geckos
  4 orcs
  2 ball pythons
  8 giant cockroaches
  6 goblins
  10 hobgoblins
  4 jackals (D:5)
  6 quokkas
  9 bats
  3 frilled lizards (D:2)
  11 kobolds
  13 rats
101 creatures vanquished.

Vanquished Creatures (others)
  4 ancestors
4 creatures vanquished.

Grand Total: 106 creatures vanquished

Notes
Turn   | Place    | Note
-------+----------+-------------------------------------------
     0 | D:1      | Derp the Deep Elf Summoner began the quest for the Orb.
     0 | D:1      | Reached XP level 1. HP: 10/10 MP: 6/6
   252 | D:1      | Reached XP level 2. HP: 5/15 MP: 6/8
  1159 | D:2      | Reached skill level 5 in Summonings
  1454 | D:2      | Reached XP level 3. HP: 5/19 MP: 7/10
  1474 | D:2      | Learned a level 3 spell: Summon Guardian Golem
  1644 | D:2      | Found an iron altar of Okawaru.
  1645 | D:2      | Found a hazy altar of Hepliaklqana.
  1649 | D:2      | Found an ornate altar of the Wu Jian Council.
  1686 | D:2      | Became a worshipper of Hepliaklqana the Forgotten
  1736 | D:2      | Noticed Natasha
  1767 | D:2      | Killed Natasha
  1767 | D:2      | Reached skill level 4 in Spellcasting
  1888 | D:2      | Noticed Natasha
  1919 | D:2      | Killed Natasha
  2023 | D:2      | Reached XP level 4. HP: 8/21 MP: 12/12
  2056 | D:2      | Noticed Natasha
  2096 | D:2      | Killed Natasha
  2096 | D:2      | Reached skill level 5 in Spellcasting
  2326 | D:3      | Reached XP level 5. HP: 10/25 MP: 4/15
  2351 | D:3      | Found a faded altar of an unknown god.
  2921 | D:3      | Reached * piety under Hepliaklqana
  3100 | D:4      | Noticed a phantom
  3157 | D:4      | Killed a phantom
  3157 | D:4      | Reached skill level 6 in Spellcasting
  3380 | D:4      | Reached XP level 6. HP: 28/28 MP: 13/17
  3539 | D:4      | Found a glowing golden altar of the Shining One.
  3541 | D:4      | Found a shimmering altar of Xom.
  3541 | D:4      | Found a hazy altar of Hepliaklqana.
  3543 | D:4      | Found a hazy altar of Hepliaklqana.
  3543 | D:4      | Found an opulent altar of Gozag.
  3543 | D:4      | Found a shadowy altar of Dithmenos.
  3619 | D:4      | Found a hide-covered altar of Uskayaw.
  3657 | D:4      | Found a staircase to the Ecumenical Temple.
  3705 | D:5      | Entered Level 5 of the Dungeon
  4039 | D:5      | Reached skill level 7 in Spellcasting
  4389 | D:5      | HP: 1/28 [centaur/arrow (3)]
  4395 | D:5      | Slain by a centaur

Skill      XL: |  1  2  3  4  5  6 |
---------------+-------------------+-----
Summonings     | 5 6 |  6.9
Spellcasting   | 4 5 6 7 |  7.5
Dodging        | |  2.7
Stealth        | |  2.4
Hexes          | |  0.1

Action                   |  1- 3 |  4- 6 || total
-------------------------+-------+-------++-------
Melee: Unarmed           |    11 |     2 ||    13
 Cast: Summon Small Mamm |   112 |   124 ||   236
       Summon Guardian G |     3 |       ||     3
  Eat: Chunk             |     1 |     2 ||     3
       Ration            |     1 |     2 ||     3
Armor: Robe              |    21 |    16 ||    37
Dodge: Dodged            |    84 |    34 ||   118
